 Dungeon Crawl Stone Soup version 0.31-a0-1589-g8f5e8aebd6 (webtiles) character file.

Game seed: 12486438563271790079

46 Flugslaktarn the Apothecary (level 3, 0/31 HPs)
             Began as an Octopode Alchemist on Jan 6, 2024.
             Slain by a goblin
             ... wielding a +0 club
              (3 damage)
             ... on level 3 of the Dungeon.
             The game lasted 00:01:23 (582 turns).

Flugslaktarn the Apothecary (Octopode Alchemist)     Turns: 582, Time: 00:01:24

Health: 0/31       AC: 21    Str:  7    XL:     3   Next: 68%
Magic:  5/6        EV:  2    Int: 19    God:
Gold:   8          SH:  0    Dex: 12    Spells: 6/7 levels left

rFire   . . .        d - +0 club
rCold   . . .        (no shield)
rNeg    . . .        (helmet currently unavailable)
rPois   +            (no amulet)
rElec   .            (no ring)
rCorr   .            (no ring)
SInv    .            (no ring)
Will    .....        (no ring)
Stlth   ++           (no ring)
HPRegen 0.25/turn    (no ring)
MPRegen 0.10/turn    (no ring)
                     (no ring)

%: no passive effects
@: tree-form, hasted, very quick
A: stationary, stasis, torment immunity, boosted hp, almost no armour,
(amphibious), 8 rings, (camouflage 1), (gelatinous body 1), (nimble swimmer 1),
(tentacles)
a: no special abilities


You were on level 3 of the Dungeon.
You were a tree.
You visited 1 branch of the dungeon, and saw 3 of its levels.

You collected 8 gold pieces.

Inventory:

Hand Weapons
 d - a +0 club (weapon)
   (You took it off a goblin on level 1 of the Dungeon)
Armour
 b - a +0 kite shield
   (You found it on level 2 of the Dungeon)
Scrolls
 g - a scroll of vulnerability
 t - a scroll of teleportation
 z - a scroll of blinking


   Skills:
 - Level 2.0 Dodging
 - Level 2.6 Stealth
 + Level 2.6 Spellcasting
 - Level 1.0 Conjurations
 * Level 4.5 Alchemy


You had 6 spell levels left.
You knew the following spells:

 Your Spells              Type           Power      Damage    Failure   Level
a - Sting                 Conj/Alch      52%        1d6       4%          1

Your spell library contained the following spells:

 Spells                   Type           Power      Damage    Failure   Level
 Mercury Vapours          Alch/Air       22%        N/A       10%         2
 Mephitic Cloud           Conj/Alch/Air  9%         N/A       22%         3
 Olgreb's Toxic Radiance  Alch           19%        N/A       24%         4
 Sticky Flame             Fire/Alch      11%        2d5       52%         4
 Manifold Assault         Tloc           2%         N/A       85%         4
 Summon Forest            Summ/Tloc      1%         N/A       99%         5
 Summon Mana Viper        Hex/Summ       2%         N/A       99%         5
 Dispersal                Tloc           1%         N/A       100%        6
 Summon Cactus Giant      Summ           1%         N/A       100%        6
 Disjunction              Tloc           1%         N/A       100%        8


Dungeon Overview and Level Annotations

Branches:
Dungeon (3/15)

Altars:
Ashenzari


Innate Abilities, Weirdness & Mutations

You are a tree.
Your roots penetrate the ground, keeping you stationary.
You cannot be teleported.
You are immune to unholy pain and torment.
Your maximum health is greatly increased.
You cannot wear most types of armour.
((You are amphibious.))
You can wear up to eight rings at the same time.
((Your skin changes colour to match your surroundings (Stealth+).))
((Your rubbery body absorbs attacks. (AC +1, EV +1)))
((You are camouflaged when in or above water. (Stealth+)))
((You have tentacles for arms and can constrict up to eight enemies at once.))


Message History

The ribbon worm expels a string of sticky webbing.
The stream of webbing hits you but does no damage.
You are even more entangled.
The web tears apart.
You hit the ribbon worm but do no damage.
Your grab misses the ribbon worm.
The ribbon worm is almost dead.
The ribbon worm closely misses you.
You hit the ribbon worm but do no damage.
You grab the ribbon worm.
The ribbon worm is almost dead.
You constrict the ribbon worm.
You kill the ribbon worm!
No target in view!
You see here a ribbon worm corpse.
The endoplasm quivers.
Casting: Sting (safe; 5% risk of failure)
Confirm with . or Enter, or press ? or * to list all spells.
Aiming: Sting (safe; 5% risk of failure)
Press: ? - help, Shift-Dir - straight line, f - endoplasm
Aim: an endoplasm (98% to hit)
The sting hits the endoplasm.
The endoplasm partially resists.
The endoplasm is moderately wounded.
The goblin shouts!
An adder comes into view.
The endoplasm freezes you.
You are frozen.
Casting: Sting (safe; 5% risk of failure)
Confirm with . or Enter, or press ? or * to list all spells.
Aiming: Sting (safe; 5% risk of failure)
Press: ? - help, Shift-Dir - straight line, f/p - endoplasm
Aim: an endoplasm (moderately wounded, 98% to hit)
The sting hits the endoplasm.
The endoplasm partially resists.
The endoplasm is heavily wounded.
The adder hisses angrily.
The goblin hits you with a +0 club. The endoplasm freezes you.
You are frozen.
You hit the endoplasm.
The endoplasm is heavily wounded.
The goblin hits you with a +0 club.
A frilled lizard comes into view.
The endoplasm completely misses you.
The frilled lizard hisses angrily.
You hit the endoplasm. You squeeze the endoplasm.
You kill the endoplasm!
The goblin hits you with a +0 club.
* * * LOW HITPOINT WARNING * * *
A quokka comes into view.
An adder comes into view.
The goblin barely misses you.
You are too injured to fight recklessly!
Unknown command.
You turn into a tree.
Your roots penetrate the ground.
The adder bites you but does no damage. The goblin hits you but does no damage.
Casting: Sting (safe; 4% risk of failure)
Confirm with . or Enter, or press ? or * to list all spells.
Aiming: Sting (safe; 4% risk of failure)
Press: ? - help, Shift-Dir - straight line, f - adder
Aim: an adder (53% to hit)
The sting hits the adder.
The adder is poisoned.
The adder is moderately wounded.
The adder bites you but does no damage. The goblin hits you but does no damage.
The adder bites you but does no damage.
Casting: Sting (safe; 4% risk of failure)
Confirm with . or Enter, or press ? or * to list all spells.
Aiming: Sting (safe; 4% risk of failure)
Press: ? - help, Shift-Dir - straight line, f/p - adder
Aim: an adder (heavily wounded, poisoned, 53% to hit)
The sting hits the adder but does no damage.
The adder looks even sicker.
The adder is heavily wounded.
The adder bites you but does no damage. The goblin hits you but does no damage.
An orc wizard comes into view. It is wielding a +0 dagger.
A dart slug comes into view.
Magic courses through your body.
The orc wizard shouts!
You hear a shout!
The adder bites you.
* * * LOW HITPOINT WARNING * * *
The frilled lizard bites you but does no damage.
The goblin hits you but does no damage.
It was a potion of haste.
You feel yourself speed up. The adder bites you but does no damage.
The frilled lizard bites you but does no damage.
The goblin hits you with a +0 club.
* * * LOW HITPOINT WARNING * * *
The adder bites you but does no damage.
Casting: Sting (safe; 4% risk of failure)
Confirm with . or Enter, or press ? or * to list all spells.
Aiming: Sting (safe; 4% risk of failure)
Press: ? - help, Shift-Dir - straight line, f/p - adder
Aim: an adder (severely wounded, very poisoned, 53% to hit)
The sting misses the adder.
Unknown command.
You hit the adder.
The adder is almost dead.
You kill the adder!
The frilled lizard bites you but does no damage.
The goblin hits you with a +0 club.
You die...

### ###..# ..
....# .# #...# .
...# # . #..# #
#.# .# #Sr# ###..#
#.w###gl# ...#
#....♣# .#.# .#
#.#...# ...###.
#o....# ###...#
#...###..# ###.#.#
#.# ##†.#
.##..^###...##...#
.................#
....###########.##
................#


You could see an orc wizard, an adder, a dart slug, a quokka, a goblin and a
frilled lizard.

Vanquished Creatures
  2 adders (D:3)
  A dart slug (D:2)
  4 ribbon worms
  4 ball pythons
  A bat (D:2)
  5 endoplasms
  A giant cockroach (D:3)
  2 goblins
  2 hobgoblins
  A frilled lizard (D:2)
  2 kobolds (D:1)
  2 rats
27 creatures vanquished.

Notes
Turn   | Place    | Note
-------+----------+-------------------------------------------
     0 | D:1      | Flugslaktarn the Octopode Alchemist began the quest for the
                  | Orb.
     0 | D:1      | Reached XP level 1. HP: 11/11 MP: 3/3
   218 | D:1      | Reached XP level 2. HP: 7/17 MP: 0/5
   373 | D:2      | Reached skill level 4 in Alchemy
   458 | D:2      | Reached XP level 3. HP: 21/21 MP: 0/6
   510 | D:3      | Found a broken altar of Ashenzari.
   582 | D:3      | Slain by a goblin

Illustrated notes

Levels and vault maps discovered:
D:1:      amcnicky_arrival_flooded_fountain, layout_loops_corners
D:2:      layout_basic, chequers_serial_rivers_marsh
D:3:      layout_rooms, lemuel_crystal_altar, minmay_starry_boxes

Skill      XL: |  1  2 |
---------------+-------+-----
Alchemy        | 4 |  4.5
Dodging        | |  2.0
Stealth        | |  2.6
Spellcasting   | |  2.6
Conjurations   | |  1.0

Action                     || total
---------------------------++-------
  Melee: Unarmed           ||     4
         Club              ||    22
         Tentacles         ||     8
         Constrict         ||     5
   Cast: Sting             ||    41
    Use: Scroll            ||     4
         Potion            ||     3
 Armour: Skin              ||    28
  Dodge: Dodged            ||    22

Table legend: (Time is in decaauts)
 A = Elapsed time spent in this place.
 B = Non-inter-level travel time spent in this place.
 C = Inter-level travel time spent in this place.
 D = Time resting spent in this place.
 E = Time spent auto-exploring this place.
 F = Levels seen in this place.
 G = Mean time per level.
                   A        B        C        D        E       F      G
               +--------+--------+--------+--------+--------+-----+--------+
         Total |    588 |    567 |     21 |      0 |    300 |   3 |  196.0 |
       Dungeon |    588 |    567 |     21 |      0 |    300 |   3 |  196.0 |
               +--------+--------+--------+--------+--------+-----+--------+

Top non-repeatable levels by time:
     D:2: 260 daAuts
     D:1: 234 daAuts
     D:3: 93 daAuts
